 Dungeon Crawl Stone Soup version 0.19.0-19-g8c6edcc (webtiles) character file.

1860 Haldmier the Carver (level 8, -1/50 HPs)
             Began as a High Elf Skald on Nov 14, 2016.
             Was a Follower of Ashenzari.
             Slain by a centaur (10 damage)
             ... on level 7 of the Dungeon.
             The game lasted 00:28:50 (8016 turns).

Haldmier the Carver (High Elf Skald)                Turns: 8016, Time: 00:28:50

Health: -1/50      AC:  3    Str: 13    XL:     8   Next: 89%
Magic:  8/15       EV: 12    Int: 16    God:    Ashenzari [*.....]
Gold:   348        SH:  0    Dex: 15    Spells: 4 memorised, 6 levels left

rFire  + . .     SeeInvis .     v - +0 long sword
rCold  + . .     Gourm    .     l - +0 robe {rC+ rF+}
rNeg   . . .     Faith    .     (no shield)
rPois  .         Spirit   .     (no helmet)
rElec  .         Reflect  .     (no cloak)
rCorr  .         Harm     .     r - +0 pair of gloves
MR     .....                    (no boots)
Stlth  ++........               (no amulet)
                                (no ring)
                                (no ring)

@: regenerating (expiring)
A: no striking features
a: Curse Item, Scrying, Renounce Religion


You were on level 7 of the Dungeon.
You worshipped Ashenzari.
Ashenzari was aware of your devotion.
You were not hungry.

You visited 2 branches of the dungeon, and saw 8 of its levels.

You collected 348 gold pieces.

Inventory:

Hand Weapons
 v - a +0 long sword (weapon)
 B - the cursed +0 mace of Proximity {freeze, rC+}
   (You found it on level 4 of the Dungeon)

   It has been specially enchanted to freeze those struck by it, causing extra
   injury to most foes and up to half again as much damage against particularly
   susceptible opponents.
   It can also slow down cold-blooded creatures.
   It protects you from cold.
   It has a curse placed upon it.
 F - a +2 dagger of venom
Missiles
 k - 7 javelins (quivered)
 n - 271 stones
 q - 2 tomahawks
Armour
 b - a +0 leather armour
 l - a +0 robe of resistance (worn)
 r - a +0 pair of gloves (worn)
 w - a +0 ring mail
Wands
 a - a wand of paralysis (2/24)
 y - a wand of paralysis (15/24)
 H - a wand of iceblast (8/15)
Scrolls
 e - 3 scrolls of identify
 g - a scroll of enchant weapon {unknown}
 i - 3 scrolls of teleportation {unknown}
 j - 2 scrolls of fear {unknown}
 m - a scroll of magic mapping {unknown}
 u - a scroll of immolation {unknown}
 x - a scroll of amnesia {unknown}
 A - a scroll of enchant armour {unknown}
 E - 4 scrolls of fog {unknown}
 I - a scroll of random uselessness {unknown}
Potions
 f - 4 potions of curing
 h - a potion of brilliance
 s - a potion of cancellation
 z - a potion of invisibility
 D - 2 potions of haste
 G - a potion of agility {unknown}
 J - a potion of degeneration {unknown}
Books
 c - a book of Battle

   Spells                             Type                      Level
   a - Infusion                       Charms                       1
   b - Shroud of Golubria             Charms/Translocation         2
   c - Song of Slaying                Charms                       2
   d - Spectral Weapon                Hexes/Charms                 3
   e - Regeneration                   Charms/Necromancy            3
Comestibles
 d - 5 bread rations
 o - a beef jerky
 p - 3 slices of pizza
 t - 2 royal jellies
 C - a meat ration
 K - 2 chunks of flesh


   Skills:
 + Level 2.0 Fighting
 * Level 8.7 Long Blades
 - Level 0.8 Armour
 + Level 1.5 Dodging
 - Level 2.0 Stealth
 + Level 4.2 Spellcasting
 - Level 4.0 Hexes
 + Level 7.3 Charms
 - Level 2.5 Necromancy
 - Level 3.2 Translocations


You had 6 spell levels left.
You knew the following spells:

 Your Spells              Type           Power        Failure   Level  Hunger
a - Infusion              Chrm           ####         1%          1    None
b - Shroud of Golubria    Chrm/Tloc      ###.......   3%          2    ##.....
c - Spectral Weapon       Hex/Chrm       ###.....     6%          3    ###....
d - Regeneration          Chrm/Necr      ###.......   10%         3    ###....


Dungeon Overview and Level Annotations

Branches:
Dungeon (7/15)             Temple (1/1) D:4

Altars:
Ashenzari
Cheibriados
Dithmenos
Elyvilon
Fedhas
Gozag
Hepliaklqana
Kikubaaqudgha
Makhleb
Nemelex Xobeh
Okawaru
Qazlal
Ru
Sif Muna
Trog
Uskayaw
Xom
Yredelemnul
Zin
The Shining One


Message History

You draw out your weapon's spirit!
The centaur barely misses you. The centaur hits you.
Your shroud falls apart!
You hit the centaur but do no damage.
Your skin is crawling a little less now.
The centaur hits you.
Your spectral weapon closely misses the centaur.
You hit the centaur but do no damage.
Your spectral weapon hits the centaur.
The centaur hits you!
* * * LOW HITPOINT WARNING * * *
The centaur misses you.
You completely miss the centaur.
The centaur is lightly wounded.
Your spectral weapon hits the centaur!
The centaur hits your spectral weapon.
Your spectral weapon shares its damage with you!
* * * LOW HITPOINT WARNING * * *
You hit the centaur but do no damage.
The centaur is heavily wounded.
Your spectral weapon hits the centaur.
The centaur hits you!
You die...

..........##...........###
..[..c....##...#####...#..
..........##...####......#
........(.#####........###
........[.# ###.##.###.###
<.........# #......# #.##.
.........####...#### #....
##....(###....##### #....
........c@(........###..##
########.(..##.###..#..##
#.#####..........## ###.#
#..########... #...# ##.##
#### ##.#####..#
############........##
............^#.######
...............#


You could see a centaur and a friendly spectral long sword.

Vanquished Creatures
  Grinder (D:5)
  Duvessa (D:5)
  A necrophage (D:6)
  5 ogres
  A centaur (D:5)
  2 big kobolds (D:6)
  A bullfrog (D:6)
  Dowan (D:5)
  A howler monkey (D:4)
  2 bullfrog zombies (D:5)
  2 bullfrog skeletons
  3 orc wizards
  Natasha (thrice) (D:2)
  A centaur skeleton (D:4)
  7 worker ants
  6 adders
  An ooze (D:4)
  2 adder skeletons
  2 worms (D:3)
  3 dart slugs
  2 leopard geckos (D:3)
  17 orcs
  5 giant cockroaches
  8 goblins
  5 hobgoblins
  17 jackals
  2 quokkas
  4 ball pythons
  6 bats
  6 frilled lizards
  2 jackal skeletons (D:5)
  15 kobolds
  A leopard gecko zombie (D:6)
  15 rats
151 creatures vanquished.

Vanquished Creatures (others)
  A human (D:4)
  A spectral weapon (D:4)
2 creatures vanquished.

Grand Total: 153 creatures vanquished

Notes
Turn   | Place    | Note
-------+----------+-------------------------------------------
     0 | D:1      | Haldmier the High Elf Skald began the quest for the Orb.
     0 | D:1      | Reached XP level 1. HP: 14/14 MP: 4/4
   148 | D:1      | Reached skill level 3 in Long Blades
   361 | D:1      | Reached XP level 2. HP: 18/19 MP: 6/6
   368 | D:1      | Learned a level 2 spell: Shroud of Golubria
  1202 | D:2      | Noticed Natasha
  1279 | D:2      | Noticed a crimson imp
  1279 | D:2      | Killed Natasha
  1279 | D:2      | Reached skill level 4 in Long Blades
  1279 | D:2      | Reached skill level 1 in Translocations
  1279 | D:2      | Reached XP level 3. HP: 21/24 MP: 0/7
  1306 | D:2      | Noticed Natasha
  1392 | D:2      | Killed Natasha
  1392 | D:2      | Reached XP level 4. HP: 7/29 MP: 1/8
  1642 | D:2      | Learned a level 3 spell: Spectral Weapon
  1703 | D:2      | Noticed Natasha
  1766 | D:2      | Killed Natasha
  2061 | D:2      | Reached skill level 1 in Stealth
  2341 | D:2      | Reached skill level 1 in Hexes
  2341 | D:2      | Reached XP level 5. HP: 34/34 MP: 2/9
  2720 | D:3      | Found a stormy altar of Qazlal.
  2726 | D:3      | Found a snail-covered altar of Cheibriados.
  2877 | D:3      | Found a glowing silver altar of Zin.
  3214 | D:3      | Found a glowing golden altar of the Shining One.
  3591 | D:3      | Found a shimmering altar of Xom.
  3629 | D:4      | Found a staircase to the Ecumenical Temple.
  3635 | D:4      | Reached skill level 5 in Long Blades
  3639 | Temple   | Entered the Ecumenical Temple
  3668 | Temple   | Became a worshipper of Ashenzari the Shackled
  3755 | D:4      | Reached XP level 6. HP: 36/39 MP: 2/10
  3845 | D:4      | Learned a level 3 spell: Regeneration
  3879 | D:4      | Got the cursed mace of Proximity {freeze, rC+}
  4225 | D:4      | HP: 1/39 [centaur skeleton (2)]
  4711 | D:4      | Identified the cursed +0 mace of Proximity {freeze, rC+} (You found it on level 4 of the Dungeon)
  4768 | D:4      | Reached skill level 5 in Charms
  4872 | D:4      | Reached skill level 1 in Necromancy
  4900 | D:4      | Reached XP level 7. HP: 45/45 MP: 6/11
  5316 | D:4      | Found an ancient bone altar of Kikubaaqudgha.
  5331 | D:4      | Noticed a human
  5332 | D:4      | Killed a human
  5599 | D:5      | Entered Level 5 of the Dungeon
  5600 | D:5      | Found a stormy altar of Qazlal.
  5677 | D:5      | Noticed Dowan
  5678 | D:5      | Noticed Duvessa
  5723 | D:5      | Killed Duvessa
  5841 | D:5      | Noticed Grinder
  5841 | D:5      | Paralysed by Grinder for 2 turns
  5875 | D:5      | Killed Dowan
  5875 | D:5      | Reached skill level 6 in Long Blades
  6171 | D:5      | Killed Grinder
  6442 | D:5      | Reached XP level 8. HP: 47/50 MP: 4/12
  6826 | D:6      | Reached skill level 7 in Long Blades
  6860 | D:6      | Reached * piety under Ashenzari
  7205 | D:6      | Reached skill level 8 in Long Blades
  8016 | D:7      | Slain by a centaur

Skill      XL: |  1  2  3  4  5  6  7  8 |
---------------+-------------------------+-----
Long Blades    | 3 4 5 6 8 |  8.7
Translocations | 1 2 3 |  3.2
Stealth        | 1 2 |  2.0
Hexes          | 1 2 3 4 |  4.0
Charms         | 4 5 6 7 |  7.3
Necromancy     | 1 2 |  2.5
Spellcasting   | 4 |  4.2
Fighting       | |  2.0
Armour         | |  0.8
Dodging        | |  1.5

Action                   |  1- 3 |  4- 6 |  7- 9 || total
-------------------------+-------+-------+-------++-------
Melee: Falchion          |    50 |   165 |       ||   215
       Long sword        |       |    65 |   212 ||   277
Throw: Javelin           |     6 |     3 |     3 ||    12
 Cast: Infusion          |     9 |    20 |     9 ||    38
       Shroud of Golubri |     2 |    23 |    24 ||    49
       Spectral Weapon   |       |     3 |    12 ||    15
       Regeneration      |       |     1 |     8 ||     9
  Use: Scroll            |       |     5 |     1 ||     6
 Stab: Sleeping          |       |     2 |     3 ||     5
       Distracted        |       |       |     2 ||     2
  Eat: Chunk             |     2 |    14 |    14 ||    30
Armor: Leather armour    |    11 |    68 |    15 ||    94
       Robe              |       |       |    17 ||    17
Dodge: Dodged            |    37 |   164 |   131 ||   332
       Rpst.: Falchion   |    12 |    33 |       ||    45
       Long sword        |       |     9 |    43 ||    52
